 Dungeon Crawl Stone Soup version 0.31.0-11-ge490571c62 (webtiles) character file.

Game seed: 4290755516502859219

86 qw the Shooter (level 4, -3/25 HPs)
             Began as a Deep Elf Hunter on Feb 4, 2024.
             Killed by nerve-wracking pain
             ... invoked by Grinder
              (6 damage)
             ... on level 3 of the Dungeon.
             The game lasted 00:00:10 (1932 turns).

qw the Shooter (Deep Elf Hunter)                    Turns: 1932, Time: 00:00:11

Health: -3/25      AC:  6    Str: 10    XL:     4   Next: 27%
Magic:  6/6        EV: 11    Int: 14    God:
Gold:   76         SH:  0    Dex: 18    Spells: 3/3 levels left

rFire   . . .        a - +0 shortbow
rCold   . . .        (shield currently unavailable)
rNeg    . . .        g - +1 ring mail
rPois   .            (no helmet)
rElec   .            (no cloak)
rCorr   .            (no gloves)
SInv    .            (no boots)
Will    .....        (no amulet)
Stlth   +            (no ring)
HPRegen 0.24/turn    (no ring)
MPRegen 0.10/turn

%: no passive effects
@: about to teleport
A: no striking features
a: no special abilities


You were on level 3 of the Dungeon.
You visited 1 branch of the dungeon, and saw 3 of its levels.

You collected 76 gold pieces.


   Skills:
 - Level 1.5 Fighting
 + Level 7.7 Ranged Weapons
 - Level 2.4 Dodging
 - Level 1.2 Stealth


You had 3 spell levels left.
You didn't know any spells.
Your spell library was empty.

Inventory:

Hand Weapons
 a - a +0 shortbow (weapon)
Armour
 g - a +1 ring mail (worn)
Jewellery
 h - a ring of fire
Scrolls
 b - a scroll of teleportation
Potions
 j - a potion of mutation

Dungeon Overview and Level Annotations

Branches:
Dungeon (3/15)

Altars:
Cheibriados

Annotations:
D:3 Grinder


Message History

The dart slug is moderately wounded.
You shoot an arrow. The arrow hits the dart slug!
You kill the dart slug!
There is a stone staircase leading down here.
Grinder comes into view.
You shoot an arrow. The arrow barely misses Grinder.
Grinder says, "Mostly I couldn't keep them alive."
You shoot an arrow.
The arrow hits Grinder but does no damage.
You shoot an arrow. The arrow barely misses Grinder.
You shoot an arrow. The arrow hits Grinder.
Grinder is lightly wounded.
You shoot an arrow. The arrow hits Grinder.
Grinder is lightly wounded.
Grinder closely misses you.
You shoot an arrow. The arrow barely misses Grinder.
Grinder hits you but does no damage.
You shoot an arrow. The arrow hits Grinder!
Grinder is moderately wounded.
Grinder gestures at you. Pain shoots through your body!
You shoot an arrow. The arrow hits Grinder.
Grinder is heavily wounded.
Grinder hits you.
You writhe in agony.
You shoot an arrow. The arrow hits Grinder.
Grinder is heavily wounded.
Grinder hits you!
You writhe in agony.
1930 ||| READING 2 scrolls of teleportation.
As you read the scroll of teleportation, it crumbles to dust.
You feel strangely unstable. Grinder hits you but does no damage.
You shoot an arrow. The arrow hits Grinder!
Grinder is severely wounded.
Grinder completely misses you.
You shoot an arrow. The arrow barely misses Grinder.
Grinder barely misses you. Grinder gestures at you.
Pain shoots through your body!
You die...
Grinder sighs, "Dead already?
I want a refund."

....## ##... ..#
#......###....
......###.#.#.....
..### #.##.#....
#.# #.##.###.. #.#
#......### #.#
#..###.# #5#
####..# #<#
#@####...>.###.#
#......###.....#
#####..# ###.###
##..# #.#
#...#####.#
#.........##
#..........####
##.............
#.#######.####


You could see Grinder.

Vanquished Creatures
  2 adders
  2 dart slugs
  3 ribbon worms (D:2)
  10 bats
  2 endoplasms (D:2)
  2 giant cockroaches
  5 goblins
  3 hobgoblins (D:2)
  9 jackals (D:1)
  2 quokkas
  5 ball pythons
  A frilled lizard (D:1)
  4 kobolds
  5 rats
55 creatures vanquished.

Notes
Turn   | Place    | Note
-------+----------+-------------------------------------------
     0 | D:1      | qw the Deep Elf Hunter began the quest for the Orb.
     0 | D:1      | Reached XP level 1. HP: 12/12 MP: 3/3
     0 | D:1      | 0 ||| qw: Version: 0.3-a-160-g6735b56
     0 | D:1      | 0 ||| qw: Game counter: 5469
     0 | D:1      | 0 ||| qw: Melee chars always use a shield: true
     0 | D:1      | 0 ||| qw: God list: Okawaru
     0 | D:1      | 0 ||| qw: Allow faded altars: false
     0 | D:1      | 0 ||| qw: Do Orc after clearing Dungeon:15 true
     0 | D:1      | 0 ||| qw: Do second Lair branch before Depths: true
     0 | D:1      | 0 ||| qw: Lair rune preference: random
     0 | D:1      | 0 ||| qw: Goals: Normal
     0 | D:1      | 0 ||| PLANNING D:1-11
   188 | D:1      | Reached skill level 6 in Ranged Weapons
   188 | D:1      | Reached XP level 2. HP: 16/16 MP: 4/4
   223 | D:1      | 223 ||| RETREEEEATING.
   314 | D:1      | You fall into a shaft and drop 1 floor!
   318 | D:2      | 318 ||| FLEEEEING.
   319 | D:2      | 319 ||| FLEEEEING.
   320 | D:2      | 320 ||| FLEEEEING.
   321 | D:2      | 321 ||| FLEEEEING.
   322 | D:2      | 322 ||| FLEEEEING.
   323 | D:2      | 323 ||| FLEEEEING.
   324 | D:2      | 324 ||| STAIRDANCE
   331 | D:1      | Reached XP level 3. HP: 20/20 MP: 5/5
   948 | D:1      | 948 ||| UPGRADING to +0 ring mail.
   958 | D:1      | 958 ||| DROPPING +0 leather armour.
   959 | D:1      | 959 ||| READING scroll labelled DAYSOERRUF.
   960 | D:1      | 960 ||| READING scroll labelled DOTHAD TYGIOBU.
  1061 | D:1      | 1061 ||| READING scroll labelled WYIDINEYZU.
  1062 | D:1      | 1062 ||| DROPPING scroll of butterflies.
  1310 | D:2      | Reached skill level 7 in Ranged Weapons
  1598 | D:2      | Reached XP level 4. HP: 16/25 MP: 6/6
  1692 | D:2      | 1692 ||| READING scroll of identify.
  1692 | D:2      | 1692 ||| IDENTIFYING metallic yellow potion
  1693 | D:2      | 1693 ||| READING scroll labelled IPTIEWN UTOSH.
  1693 | D:2      | 1693 ||| ENCHANTING +0 ring mail.
  1694 | D:2      | 1694 ||| READING scroll labelled ROATAMUNOI.
  1698 | D:2      | 1698 ||| READING scroll labelled MYUS QEWEAMOXT.
  1699 | D:2      | 1699 ||| READING scroll labelled PEMAIB RUYZA.
  1700 | D:2      | 1700 ||| READING scroll labelled MUFAHIMN OCVUNE.
  1742 | D:3      | Found a snail-covered altar of Cheibriados.
  1920 | D:3      | Noticed Grinder
  1929 | D:3      | HP: 5/25 [Grinder (7)]
  1929 | D:3      | HP: 2/25 [Grinder (3)]
  1930 | D:3      | 1930 ||| READING 2 scrolls of teleportation.
  1932 | D:3      | Killed from afar by Grinder

Levels and vault maps discovered:
D:1:      lightli_arrival_flooded_house, layout_basic
D:2:      layout_basic
D:3:      layout_loops_ring, cheibriados_altar_1, minmay_tree_intersection,
          grunt_decor_fettered, minmay_pentomino_pile, uniq_terence,
          uniq_jessica, uniq_grinder

Skill      XL: |  1  2  3 |
---------------+----------+-----
Ranged Weapons | 6 7 |  7.7
Fighting       | |  1.5
Dodging        | |  2.4
Stealth        | |  1.2

Action                     |  1- 3 |  4- 6 || total
---------------------------+-------+-------++-------
   Fire: Shortbow          |   142 |    35 ||   177
    Use: Scroll            |     3 |     7 ||    10
 Armour: Leather armour    |    11 |       ||    11
         Ring mail         |    17 |    12 ||    29
  Dodge: Dodged            |    31 |    10 ||    41

Table legend:
 A = Non-vault XP
 B = Vault XP
 C = Vault XP percentage of total XP
 D = Non-vault monster count
 E = Vault monster count
 F = Vault count percentage of total count
                 A         B        C        D         E       F
            +---------+---------+-------+---------+---------+-------
      Total |     124 |       0 |   0.0 |      55 |       0 |   0.0
            +---------+---------+-------+---------+---------+-------
        D:1 |      45 |       0 |   0.0 |      27 |       0 |   0.0
        D:2 |      54 |       0 |   0.0 |      21 |       0 |   0.0
        D:3 |      25 |       0 |   0.0 |       7 |       0 |   0.0
            +---------+---------+-------+---------+---------+-------
